[ AOE2 MATCH · #505541082 ]
UnrankedBritons vs Saracens
Player's team · LOSS
Rival team · WIN
[ REPLAY ANALYSIS · EXTRACTED FROM THE RECORDED GAME ]
Feudal
8:50
Castle
18:04
Imperial
31:53
| APM avg | 107.3 |
| APM peak | 174 |
| eAPM avg | 54.9 |
| Villagers / military | 239 / 40 |
Focus
⚔️ 56.0% · 🌾 44.0%
Longbowman ×10 · Skirmisher ×9 · Mangonel ×6 · Trebuchet (Packed) ×6 · Monk ×3 · Militia ×3
Feudal
9:16
Castle
18:37
Imperial
34:24
| APM avg | 71.4 |
| APM peak | 103 |
| eAPM avg | 36.9 |
| Villagers / military | 287 / 92 |
Focus
⚔️ 31.6% · 🌾 68.4%
Skirmisher ×57 · Battering Ram ×12 · Camel Scout ×7 · Monk ×5 · Mangonel ×5 · Spearman ×3
Match map
Initial resources + every placement click. Lines = walls · curves = elevation contours. ◆ gold · ⬟ stone · ● berries · ✦ relic · ◌ wall gap
Your base· Open — 3t gap
LE | WilliamS's base· ✓ Closed at 18:37 · 34t walls · 1 gate(s)
Smoothed initial terrain · ◌ = detected wall gap · hover for details
Inputs per minute
— blytz - - LE | WilliamS
Build order — blytz
First 150 of 449 actions detected
| 0:00 | Queue | Villager (Male) |
| 0:00 | Queue | Villager (Male) |
| 0:01 | Queue | Villager (Male) |
| 0:01 | Build | House |
| 0:02 | Build | House |
| 0:12 | Queue | Villager (Male) |
| 1:19 | Queue | Villager (Male) |
| 1:19 | Queue | Villager (Male) |
| 1:41 | Queue | Villager (Male) |
| 1:53 | Build | Lumber Camp |
| 2:03 | Queue | Villager (Male) |
| 2:30 | Queue | Villager (Male) |
| 3:17 | Queue | Villager (Male) |
| 3:19 | Queue | Villager (Male) |
| 3:42 | Queue | Villager (Male) |
| 3:55 | Build | House |
| 4:01 | Queue | Villager (Male) |
| 4:07 | Queue | Villager (Male) |
| 4:07 | Queue | Villager (Male) |
| 4:21 | Queue | Villager (Male) |
| 4:36 | Queue | Villager (Male) |
| 4:37 | Queue | Villager (Male) |
| 5:00 | Queue | Villager (Male) |
| 5:17 | Queue | Villager (Male) |
| 5:23 | Queue | Villager (Male) |
| 5:28 | Queue | Villager (Male) |
| 5:32 | Build | Barracks |
| 5:40 | Queue | Villager (Male) |
| 5:55 | Build | House |
| 6:08 | Research | Loom |
| 6:08 | Research | Loom |
| 6:27 | Research | Feudal Age |
| 6:51 | Queue | Villager (Male) |
| 6:57 | Queue | Militia |
| 7:00 | Queue | Villager (Male) |
| 7:05 | Build | Mining Camp |
| 7:20 | Queue | Militia |
| 7:41 | Queue | Militia |
| 7:55 | Queue | Villager (Male) |
| 7:57 | Build | Mill |
| 8:17 | Queue | Villager (Male) |
| 8:28 | Queue | Villager (Male) |
| 8:43 | Build | House |
| 8:44 | Build | Palisade Wall |
| 8:50 | Age | Feudal Age |
| 9:00 | Queue | Villager (Male) |
| 9:08 | Research | Double-Bit Axe |
| 9:08 | Research | Double-Bit Axe |
| 9:09 | Queue | Villager (Male) |
| 9:32 | Queue | Villager (Male) |
| 9:38 | Queue | Villager (Male) |
| 9:42 | Build | House |
| 9:44 | Build | Palisade Wall |
| 9:45 | Build | Palisade Wall |
| 9:51 | Queue | Villager (Male) |
| 9:52 | Build | Farm |
| 9:54 | Research | Horse Collar |
| 9:55 | Queue | Villager (Male) |
| 9:57 | Queue | Villager (Male) |
| 10:10 | Build | House |
| 10:11 | Build | Palisade Wall |
| 10:15 | Build | Farm |
| 10:29 | Queue | Villager (Male) |
| 10:31 | Build | Farm |
| 10:36 | Build | Farm |
| 11:00 | Queue | Villager (Male) |
| 11:11 | Queue | Villager (Male) |
| 11:12 | Queue | Villager (Male) |
| 11:12 | Queue | Villager (Male) |
| 11:22 | Build | Farm |
| 11:25 | Build | Farm |
| 11:30 | Queue | Villager (Male) |
| 11:34 | Build | Palisade Wall |
| 11:49 | Queue | Villager (Male) |
| 11:50 | Build | Farm |
| 11:52 | Build | Farm |
| 11:53 | Queue | Villager (Male) |
| 11:58 | Queue | Villager (Male) |
| 12:07 | Queue | Villager (Male) |
| 12:08 | Queue | Villager (Male) |
| 12:11 | Queue | Villager (Male) |
| 12:15 | Build | House |
| 12:36 | Queue | Villager (Male) |
| 12:40 | Build | Farm |
| 12:51 | Build | House |
| 12:53 | Queue | Villager (Male) |
| 13:05 | Queue | Villager (Male) |
| 13:07 | Build | Farm |
| 13:17 | Queue | Villager (Male) |
| 13:28 | Queue | Villager (Male) |
| 13:30 | Build | Blacksmith |
| 13:30 | Queue | Villager (Male) |
| 13:37 | Queue | Villager (Male) |
| 13:44 | Queue | Villager (Male) |
| 13:44 | Queue | Villager (Male) |
| 13:50 | Queue | Villager (Male) |
| 13:53 | Build | Farm |
| 14:10 | Queue | Villager (Male) |
| 14:16 | Build | House |
| 14:17 | Queue | Villager (Male) |
| 14:27 | Queue | Villager (Male) |
| 14:29 | Build | Farm |
| 14:30 | Queue | Villager (Male) |
| 14:40 | Queue | Villager (Male) |
| 14:45 | Build | Stable |
| 15:24 | Research | Castle Age |
| 15:48 | Build | Farm |
| 15:51 | Queue | Scout Cavalry |
| 15:51 | Queue | Scout Cavalry |
| 16:13 | Build | Farm |
| 16:18 | Queue | Villager (Male) |
| 16:24 | Queue | Scout Cavalry |
| 16:29 | Queue | Villager (Male) |
| 16:44 | Queue | Villager (Male) |
| 16:44 | Queue | Villager (Male) |
| 16:54 | Queue | Villager (Male) |
| 16:59 | Queue | Villager (Male) |
| 17:36 | Queue | Villager (Male) |
| 17:45 | Queue | Villager (Male) |
| 18:04 | Age | Castle Age |
| 18:06 | Queue | Villager (Male) |
| 18:08 | Build | Town Center |
| 18:12 | Research | Bow Saw |
| 18:12 | Research | Heavy Plow |
| 18:13 | Queue | Villager (Male) |
| 18:15 | Build | Monastery |
| 18:20 | Queue | Villager (Male) |
| 18:20 | Queue | Villager (Male) |
| 18:20 | Queue | Villager (Male) |
| 18:31 | Build | House |
| 18:32 | Build | House |
| 18:34 | Build | House |
| 18:36 | Build | House |
| 18:37 | Queue | Villager (Male) |
| 18:44 | Queue | Villager (Male) |
| 18:48 | Queue | Villager (Male) |
| 19:00 | Queue | Villager (Male) |
| 19:01 | Queue | Villager (Male) |
| 19:08 | Build | Siege Workshop |
| 19:09 | Queue | Villager (Male) |
| 19:10 | Queue | Monk |
| 19:13 | Queue | Villager (Male) |
| 19:14 | Queue | Villager (Male) |
| 19:31 | Queue | Villager (Male) |
| 19:37 | Queue | Villager (Male) |
| 19:43 | Queue | Mangonel |
| 19:48 | Queue | Villager (Male) |
| 19:54 | Queue | Villager (Male) |
| 20:02 | Queue | Villager (Male) |
| 20:04 | Queue | Villager (Male) |
Build order — LE | WilliamS
First 150 of 559 actions detected
| 0:01 | Queue | Villager (Male) |
| 0:01 | Queue | Villager (Male) |
| 0:02 | Build | House |
| 0:03 | Build | House |
| 0:11 | Queue | Villager (Male) |
| 0:15 | Queue | Villager (Male) |
| 0:15 | Queue | Villager (Male) |
| 1:28 | Queue | Villager (Male) |
| 1:28 | Queue | Villager (Male) |
| 2:01 | Queue | Villager (Male) |
| 2:01 | Queue | Villager (Male) |
| 2:04 | Build | Lumber Camp |
| 2:20 | Queue | Villager (Male) |
| 2:20 | Queue | Villager (Male) |
| 2:54 | Queue | Villager (Male) |
| 2:54 | Queue | Villager (Male) |
| 2:58 | Queue | Villager (Male) |
| 3:31 | Queue | Villager (Male) |
| 3:31 | Queue | Villager (Male) |
| 3:41 | Queue | Villager (Male) |
| 3:41 | Queue | Villager (Male) |
| 4:00 | Build | House |
| 4:25 | Queue | Villager (Male) |
| 4:32 | Build | House |
| 4:42 | Queue | Villager (Male) |
| 4:42 | Queue | Villager (Male) |
| 4:49 | Build | Palisade Wall |
| 4:52 | Queue | Villager (Male) |
| 4:54 | Queue | Villager (Male) |
| 4:55 | Queue | Villager (Male) |
| 5:34 | Build | House |
| 5:40 | Queue | Villager (Male) |
| 5:48 | Build | Mill |
| 6:05 | Research | Loom |
| 6:18 | Build | Lumber Camp |
| 6:30 | Queue | Villager (Male) |
| 7:04 | Research | Feudal Age |
| 7:05 | Research | Feudal Age |
| 7:07 | Build | Palisade Wall |
| 7:08 | Build | Palisade Wall |
| 7:09 | Build | Palisade Wall |
| 7:09 | Build | Palisade Wall |
| 7:34 | Build | Palisade Wall |
| 7:51 | Build | Palisade Wall |
| 7:53 | Build | Palisade Wall |
| 7:54 | Build | Palisade Wall |
| 7:55 | Build | Palisade Wall |
| 7:58 | Queue | Villager (Male) |
| 8:09 | Build | Palisade Wall |
| 8:27 | Queue | Villager (Male) |
| 8:29 | Build | Barracks |
| 8:53 | Queue | Villager (Male) |
| 9:16 | Age | Feudal Age |
| 9:19 | Build | Archery Range |
| 9:26 | Queue | Villager (Male) |
| 9:30 | Research | Double-Bit Axe |
| 9:35 | Queue | Spearman |
| 9:40 | Build | House |
| 9:42 | Queue | Villager (Male) |
| 10:00 | Queue | Skirmisher |
| 10:10 | Research | Horse Collar |
| 10:10 | Queue | Villager (Male) |
| 10:14 | Build | Palisade Wall |
| 10:15 | Build | Palisade Wall |
| 10:23 | Queue | Villager (Male) |
| 10:30 | Build | Palisade Wall |
| 10:30 | Build | Palisade Wall |
| 10:35 | Queue | Skirmisher |
| 10:45 | Queue | Villager (Male) |
| 10:48 | Build | Farm |
| 10:51 | Build | Farm |
| 11:01 | Queue | Villager (Male) |
| 11:03 | Queue | Villager (Male) |
| 11:06 | Build | Farm |
| 11:10 | Queue | Villager (Male) |
| 11:10 | Queue | Villager (Male) |
| 11:21 | Queue | Skirmisher |
| 11:23 | Queue | Villager (Male) |
| 11:27 | Build | Farm |
| 11:37 | Queue | Villager (Male) |
| 11:43 | Queue | Villager (Male) |
| 11:45 | Build | Farm |
| 11:50 | Build | House |
| 11:57 | Queue | Villager (Male) |
| 11:58 | Queue | Villager (Male) |
| 12:01 | Queue | Villager (Male) |
| 12:03 | Build | Farm |
| 12:07 | Queue | Villager (Male) |
| 12:19 | Queue | Skirmisher |
| 12:37 | Queue | Skirmisher |
| 12:38 | Queue | Villager (Male) |
| 12:40 | Build | Farm |
| 12:41 | Queue | Villager (Male) |
| 12:44 | Queue | Villager (Male) |
| 12:48 | Queue | Villager (Male) |
| 12:52 | Queue | Villager (Male) |
| 12:54 | Build | House |
| 13:05 | Build | Farm |
| 13:09 | Queue | Villager (Male) |
| 13:13 | Build | Farm |
| 13:26 | Queue | Villager (Male) |
| 13:29 | Queue | Villager (Male) |
| 13:31 | Queue | Villager (Male) |
| 13:33 | Build | Farm |
| 13:38 | Queue | Villager (Male) |
| 13:43 | Queue | Villager (Male) |
| 13:45 | Build | Mining Camp |
| 13:50 | Queue | Villager (Male) |
| 13:52 | Queue | Villager (Male) |
| 13:53 | Queue | Villager (Male) |
| 13:55 | Build | Farm |
| 14:20 | Queue | Villager (Male) |
| 14:26 | Build | Market |
| 14:28 | Queue | Villager (Male) |
| 14:33 | Queue | Skirmisher |
| 14:45 | Queue | Villager (Male) |
| 14:59 | Queue | Villager (Male) |
| 15:03 | Queue | Villager (Male) |
| 15:06 | Build | House |
| 15:16 | Research | Wheelbarrow |
| 15:16 | Queue | Villager (Male) |
| 15:37 | Build | House |
| 15:56 | Build | House |
| 15:57 | Build | House |
| 15:57 | Research | Castle Age |
| 15:57 | Research | Castle Age |
| 16:25 | Queue | Skirmisher |
| 16:34 | Build | House |
| 16:37 | Queue | Villager (Male) |
| 16:45 | Build | Blacksmith |
| 16:51 | Queue | Skirmisher |
| 16:52 | Queue | Spearman |
| 17:05 | Research | Gold Mining |
| 17:33 | Queue | Skirmisher |
| 17:34 | Queue | Spearman |
| 17:40 | Research | Fletching |
| 17:40 | Research | Fletching |
| 17:41 | Queue | Villager (Male) |
| 17:54 | Build | Palisade Wall |
| 17:59 | Build | Palisade Gate |
| 18:05 | Queue | Skirmisher |
| 18:21 | Build | Stable |
| 18:23 | Queue | Skirmisher |
| 18:33 | Research | Padded Archer Armor |
| 18:37 | Age | Castle Age |
| 18:51 | Queue | Villager (Male) |
| 18:53 | Build | Town Center |
| 18:58 | Queue | Villager (Male) |
| 19:02 | Queue | Villager (Male) |
| 19:11 | Queue | Camel Scout |
Match timeline
| 4:49 | LE | WilliamS · wall_segment Palisade Wall x5 |
| 5:32 | blytz · first_building Barracks |
| 7:07 | LE | WilliamS · wall_segment Palisade Wall x3 |
| 7:08 | LE | WilliamS · wall_segment Palisade Wall x1 |
| 7:09 | LE | WilliamS · wall_segment Palisade Wall x1 |
| 7:09 | LE | WilliamS · wall_segment Palisade Wall x1 |
| 7:34 | LE | WilliamS · wall_segment Palisade Wall x7 |
| 7:51 | LE | WilliamS · wall_segment Palisade Wall x4 |
| 7:53 | LE | WilliamS · wall_segment Palisade Wall x1 |
| 7:54 | LE | WilliamS · wall_segment Palisade Wall x1 |
| 7:55 | LE | WilliamS · wall_segment Palisade Wall x5 |
| 8:09 | LE | WilliamS · wall_segment Palisade Wall x1 |
| 8:29 | LE | WilliamS · first_building Barracks |
| 8:44 | blytz · wall_segment Palisade Wall x3 |
| 8:50 | blytz · age_up feudal |
| 9:16 | LE | WilliamS · age_up feudal |
| 9:19 | LE | WilliamS · first_building Archery Range |
| 9:44 | blytz · wall_segment Palisade Wall x5 |
| 9:45 | blytz · wall_segment Palisade Wall x1 |
| 10:11 | blytz · wall_segment Palisade Wall x6 |
| 10:14 | LE | WilliamS · wall_segment Palisade Wall x1 |
| 10:15 | LE | WilliamS · wall_segment Palisade Wall x1 |
| 10:30 | LE | WilliamS · wall_segment Palisade Wall x1 |
| 10:30 | LE | WilliamS · wall_segment Palisade Wall x1 |
| 11:34 | blytz · wall_segment Palisade Wall x1 |
| 14:45 | blytz · first_building Stable |
| 15:45 | LE | WilliamS · first_market_buy 100 food |
| 15:49 | LE | WilliamS · first_market_sell 100 wood |
| 17:54 | LE | WilliamS · wall_segment Palisade Wall x1 |
| 18:04 | blytz · age_up castle |
| 18:15 | blytz · first_building Monastery |
| 18:21 | LE | WilliamS · first_building Stable |
| 18:37 | LE | WilliamS · age_up castle |
| 19:08 | blytz · first_building Siege Workshop |
| 20:35 | blytz · wall_segment Stone Wall x6 |
| 21:18 | LE | WilliamS · first_building Monastery |
| 24:04 | LE | WilliamS · first_building Siege Workshop |
| 26:26 | blytz · first_building Castle |
| 30:22 | LE | WilliamS · first_building Castle |
| 31:47 | blytz · first_market_buy 100 stone |
| 31:53 | blytz · age_up imperial |
| 33:13 | blytz · first_market_sell 100 food |
| 33:21 | blytz · first_building Archery Range |
| 34:24 | LE | WilliamS · age_up imperial |
| 38:47 | blytz · resign |
[ AI ANALYSIS · 1 CREDIT ]
What really happened in this match?
Wolo.gg analyzes every decision: build order, eco, micro, common mistakes by bracket. Personalized analysis on WhatsApp or Discord in 30 seconds.
Civ guide
Britons
Perfil
Jugador #21516070